 Dungeon Crawl Stone Soup version 0.25-a0-578-gc91f01c (webtiles) character file.

Game seed: 5783864638777911557, levelgen mode: deterministic

41 Faca the Vandal (level 3, -1/25 HPs)
             Began as a Halfling Hunter on Mar 5, 2020.
             Slain by a gnoll
             ... wielding a +0 spear of flaming
              (8 damage)
             ... on level 2 of the Dungeon.
             The game lasted 00:01:22 (863 turns).

Faca the Vandal (Halfling Hunter)                    Turns: 863, Time: 00:01:22

Health: -1/25      AC:  3    Str: 14    XL:     3   Next: 75%
Magic:  3/3        EV: 14    Int:  9    God:
Gold:   19         SH:  0    Dex: 14    Spells: 2/2 levels left

rFire    . . .     SeeInvis .   a - +1 hunting sling
rCold    . . .     Gourm    .   (shield restricted)
rNeg     . . .     Faith    .   c - +0 leather armour
rPois    .         Spirit   .   (no helmet)
rElec    .         Reflect  .   (no cloak)
rCorr    .         Harm     .   (no gloves)
MR       .....                  (no boots)
Stlth    +.........             (no amulet)
HPRegen  0.08/turn              (no ring)
MPRegen  0.08/turn              (no ring)

@: no status effects
A: small, mutation resistance 1
a: no special abilities


You were on level 2 of the Dungeon.
You were not hungry.

You visited 1 branch of the dungeon, and saw 2 of its levels.

You collected 19 gold pieces.

Inventory:

Hand Weapons
 a - a +1 hunting sling (weapon)
 b - a +0 short sword
Missiles
 d - 9 sling bullets (quivered)
 e - 32 stones
Armour
 c - a +0 leather armour (worn)
Scrolls
 h - a scroll of identify {unknown}
Comestibles
 f - 2 rations


   Skills:
 + Level 2.7 Fighting
 + Level 6.7 Slings
 - Level 2.1 Dodging
 - Level 1.1 Stealth


You had 2 spell levels left.
You didn't know any spells.
Your spell library was empty.

Dungeon Overview and Level Annotations

Branches:
Dungeon (1/15)

Altars:


Innate Abilities, Weirdness & Mutations

You are small and have problems with some larger weapons.
You are somewhat resistant to further mutation.


Message History

You shoot a sling bullet.
The sling bullet closely misses the adder.
The sling bullet hits the gnoll!
You kill the gnoll!
The adder bites you.
Firing (i - inventory. (/) - cycle)
d - 11 sling bullets (quivered)
Press: ? - help, Shift-Dir - straight line, f/p - adder
Aim: an adder You shoot a sling bullet.
The sling bullet hits the adder but does no damage.
The adder bites you.
* * * LOW HITPOINT WARNING * * *
Firing (i - inventory. (/) - cycle)
d - 10 sling bullets (quivered)
Press: ? - help, Shift-Dir - straight line, f/p - adder
Aim: an adder You shoot a sling bullet.
The sling bullet hits the adder!
The adder is severely wounded.
The adder barely misses you.
The gnoll hits you from afar with a +0 spear of flaming!
You die...

. .. #### #.#...
#.....###
.#.......######
......g.......##
#(...gS@†.?...#
...#............
#.....######..#
#$.### # #. .. .


You could see 2 gnolls and an adder.

Vanquished Creatures
  2 gnolls
  An ooze (D:1)
  A leopard gecko (D:2)
  A ball python (D:1)
  4 bats (D:1)
  A giant cockroach (D:1)
  A goblin (D:1)
  A hobgoblin (D:1)
  2 jackals (D:1)
  A kobold (D:1)
  2 rats (D:1)
17 creatures vanquished.

Notes
Turn   | Place    | Note
-------+----------+-------------------------------------------
     0 | D:1      | Faca the Halfling Hunter began the quest for the Orb.
     0 | D:1      | Reached XP level 1. HP: 14/14 MP: 1/1
    82 | D:1      | Reached skill level 6 in Slings
   217 | D:1      | Reached XP level 2. HP: 13/19 MP: 2/2
   473 | D:1      | Reached XP level 3. HP: 2/25 MP: 3/3
   846 | D:1      | You fall into a shaft and drop 1 floor!
   863 | D:2      | Slain by a gnoll

Levels and vault maps discovered:
D:1:      nagdon_arrival_double_spiral, layout_basic
D:2:      layout_loops_ring, uniq_robin

Skill      XL: |  1 |
---------------+----+-----
Fighting       | 2 |  2.7
Slings         | 6 |  6.7
Dodging        | |  2.1
Stealth        | |  1.1

Action                   || total
-------------------------++-------
Melee: Short sword       ||    42
 Fire: Hunting sling     ||    23
 Stab: Sleeping          ||     2
Armor: Leather armour    ||    24
Dodge: Dodged            ||    64

Table legend:
 A = Non-vault XP
 B = Vault XP
 C = Vault XP percentage of total XP
 D = Non-vault monster count
 E = Vault monster count
 F = Vault count percentage of total count
                 A         B        C        D         E       F
            +---------+---------+-------+---------+---------+-------
      Total |      59 |       0 |   0.0 |      17 |       0 |   0.0
            +---------+---------+-------+---------+---------+-------
        D:1 |      42 |       0 |   0.0 |      15 |       0 |   0.0
        D:2 |      17 |       0 |   0.0 |       2 |       0 |   0.0
            +---------+---------+-------+---------+---------+-------
